[ PARTIDA AOE2 · #474344065 ]
UnrankedVietnamitas vs Lithuanians
[ ANÁLISIS DE REPETICIÓN · EXTRAÍDO DE LA PARTIDA GRABADA ]
Feudal
12:23
Castillos
16:56
Imperial
39:59
| APM promedio | 34.4 |
| APM pico | 76 |
| eAPM promedio | 21.3 |
| Aldeanos / militares | 114 / 85 |
Foco
⚔️ 29.0% · 🌾 71.0%
Skirmisher ×54 · Rattan Archer ×16 · Fire Lancer ×8 · Battering Ram ×5 · Trebuchet (Packed) ×2
Feudal
10:48
Castillos
18:41
Imperial
—
| APM promedio | 54.4 |
| APM pico | 145 |
| eAPM promedio | 18.5 |
| Aldeanos / militares | 76 / 41 |
Foco
⚔️ 36.0% · 🌾 64.0%
Mangudai ×21 · Scout Cavalry ×18 · Spearman ×2
Feudal
12:36
Castillos
16:37
Imperial
42:20
| APM promedio | 30.7 |
| APM pico | 66 |
| eAPM promedio | 16.9 |
| Aldeanos / militares | 78 / 176 |
Foco
⚔️ 19.8% · 🌾 80.2%
Scout Cavalry ×138 · Leitis ×25 · Knight ×9 · Trade Cart ×9 · Monk ×2 · Spearman ×2
Feudal
10:48
Castillos
22:28
Imperial
—
| APM promedio | 35.7 |
| APM pico | 58 |
| eAPM promedio | 21.0 |
| Aldeanos / militares | 150 / 44 |
Foco
⚔️ 46.3% · 🌾 53.7%
Mangudai ×28 · Scout Cavalry ×13 · Spearman ×2 · Steppe Lancer ×1
Feudal
—
Castillos
—
Imperial
—
| APM promedio | 37.1 |
| APM pico | 75 |
| eAPM promedio | 21.5 |
| Aldeanos / militares | 131 / 33 |
Foco
⚔️ 22.8% · 🌾 77.2%
Monk ×12 · Scout Cavalry ×12 · Knight ×8 · Magyar Huszar ×1
Feudal
14:05
Castillos
23:14
Imperial
41:17
| APM promedio | 44.8 |
| APM pico | 91 |
| eAPM promedio | 22.8 |
| Aldeanos / militares | 158 / 46 |
Foco
⚔️ 26.1% · 🌾 73.9%
Samurai ×33 · Archer ×6 · Trebuchet (Packed) ×6 · Spearman ×1
Feudal
13:16
Castillos
16:54
Imperial
—
| APM promedio | 53.2 |
| APM pico | 84 |
| eAPM promedio | 20.3 |
| Aldeanos / militares | 134 / 86 |
Foco
⚔️ 23.6% · 🌾 76.4%
Scout Cavalry ×51 · Cavalry Archer ×34 · Trade Cart ×5 · Archer ×1
Feudal
13:02
Castillos
16:55
Imperial
—
| APM promedio | 39.6 |
| APM pico | 89 |
| eAPM promedio | 16.9 |
| Aldeanos / militares | 138 / 3 |
Foco
⚔️ 28.1% · 🌾 71.9%
Unknown (2579) ×86 · Mangonel ×1 · Spearman ×1 · Trade Cart ×1 · Battering Ram ×1
Mapa de la partida
Recursos iniciales + cada clic de construcción. Líneas = muros · curvas = relieve. ◆ oro · ⬟ piedra · ● bayas · ✦ reliquia · ◌ hueco del cierre
Tu base· Abierta — flanco sin cerrar
Base de ELEG | IronLeg· Abierta — flanco sin cerrar
Base de Fs.Careca^Smurf· Abierta — hueco de 7t
Base de Oni.Nego· Abierta — hueco de 12t
Base de LicKawamas97· Abierta — flanco sin cerrar
Base de Fs.Carniça· Abierta — flanco sin cerrar
Base de LoboFerretero· Abierta — flanco sin cerrar
Base de Fs.7mendes· Abierta — flanco sin cerrar
Terreno inicial suavizado · ◌ = hueco del cierre detectado · pasá el cursor para detalles
Inputs por minuto
— ELEG | Gabo - - ELEG | IronLeg
Build order — ELEG | Gabo
Primeras 150 de 336 acciones detectadas
| 0:18 | Construir | House |
| 0:19 | Construir | House |
| 0:57 | Construir | Town Center |
| 2:33 | Crear | Villager (Male) |
| 2:34 | Crear | Villager (Male) |
| 2:34 | Crear | Villager (Male) |
| 2:34 | Crear | Villager (Male) |
| 3:28 | Construir | House |
| 3:48 | Crear | Villager (Male) |
| 4:24 | Construir | House |
| 4:38 | Crear | Villager (Male) |
| 4:40 | Crear | Villager (Male) |
| 4:44 | Construir | House |
| 5:01 | Crear | Villager (Male) |
| 5:39 | Crear | Villager (Male) |
| 5:47 | Crear | Villager (Male) |
| 6:13 | Construir | House |
| 6:43 | Crear | Villager (Male) |
| 6:51 | Crear | Villager (Male) |
| 7:16 | Crear | Villager (Male) |
| 7:31 | Construir | Mill |
| 7:36 | Crear | Villager (Male) |
| 7:54 | Crear | Villager (Male) |
| 8:51 | Crear | Villager (Male) |
| 8:59 | Crear | Villager (Male) |
| 9:17 | Construir | Lumber Camp |
| 9:48 | Crear | Villager (Male) |
| 10:12 | Investigar | Feudal Age |
| 10:39 | Construir | Mining Camp |
| 11:30 | Construir | Palisade Wall |
| 11:33 | Construir | Palisade Wall |
| 11:34 | Construir | Palisade Wall |
| 11:35 | Construir | Palisade Wall |
| 11:53 | Construir | Palisade Wall |
| 11:55 | Construir | Palisade Wall |
| 11:55 | Construir | Palisade Wall |
| 11:56 | Construir | Palisade Wall |
| 11:57 | Construir | Palisade Wall |
| 11:59 | Construir | Palisade Wall |
| 12:06 | Investigar | Loom |
| 12:06 | Crear | Villager (Male) |
| 12:07 | Crear | Villager (Male) |
| 12:23 | Edad | Edad Feudal |
| 12:23 | Construir | Mill |
| 12:42 | Construir | Market |
| 12:51 | Construir | Blacksmith |
| 14:16 | Investigar | Castle Age |
| 15:33 | Crear | Villager (Male) |
| 15:44 | Construir | House |
| 16:00 | Construir | Palisade Wall |
| 16:37 | Construir | Palisade Wall |
| 16:44 | Investigar | Double-Bit Axe |
| 16:56 | Edad | Edad de los Castillos |
| 17:01 | Construir | Castle |
| 17:10 | Construir | Castle |
| 17:17 | Crear | Villager (Male) |
| 17:22 | Crear | Villager (Male) |
| 17:28 | Crear | Villager (Male) |
| 17:58 | Crear | Villager (Male) |
| 18:19 | Investigar | Horse Collar |
| 18:28 | Construir | Town Center |
| 18:34 | Construir | Farm |
| 18:36 | Construir | Farm |
| 18:39 | Construir | Farm |
| 18:40 | Construir | Farm |
| 18:48 | Construir | Farm |
| 19:09 | Crear | Villager (Male) |
| 19:09 | Crear | Villager (Male) |
| 19:09 | Crear | Villager (Male) |
| 19:25 | Crear | Rattan Archer |
| 19:26 | Crear | Rattan Archer |
| 19:39 | Crear | Villager (Male) |
| 19:59 | Construir | Town Center |
| 20:06 | Crear | Villager (Male) |
| 20:15 | Crear | Villager (Male) |
| 20:22 | Crear | Villager (Male) |
| 20:24 | Crear | Villager (Male) |
| 20:27 | Investigar | Fletching |
| 20:42 | Crear | Villager (Male) |
| 20:44 | Crear | Villager (Male) |
| 20:59 | Construir | Farm |
| 21:01 | Construir | Farm |
| 21:03 | Construir | Farm |
| 21:06 | Construir | Farm |
| 21:09 | Construir | Farm |
| 21:09 | Crear | Villager (Male) |
| 21:09 | Crear | Villager (Male) |
| 21:27 | Construir | Farm |
| 21:29 | Construir | Farm |
| 21:32 | Crear | Villager (Male) |
| 22:00 | Crear | Rattan Archer |
| 22:01 | Crear | Rattan Archer |
| 22:09 | Crear | Villager (Male) |
| 22:18 | Crear | Villager (Male) |
| 22:37 | Construir | Barracks |
| 22:42 | Crear | Villager (Male) |
| 22:42 | Crear | Villager (Male) |
| 22:42 | Crear | Villager (Male) |
| 23:04 | Investigar | Scale Mail Armor |
| 23:11 | Construir | Siege Workshop |
| 23:16 | Crear | Villager (Male) |
| 23:24 | Construir | Farm |
| 23:25 | Construir | Farm |
| 23:27 | Crear | Villager (Male) |
| 23:30 | Construir | Farm |
| 23:43 | Crear | Fire Lancer |
| 23:43 | Crear | Fire Lancer |
| 23:45 | Crear | Villager (Male) |
| 23:52 | Crear | Villager (Male) |
| 24:18 | Crear | Fire Lancer |
| 24:18 | Crear | Fire Lancer |
| 24:21 | Construir | House |
| 24:22 | Construir | House |
| 24:25 | Construir | Mining Camp |
| 24:39 | Crear | Villager (Male) |
| 24:39 | Crear | Villager (Male) |
| 24:40 | Crear | Villager (Male) |
| 24:42 | Crear | Battering Ram |
| 24:49 | Crear | Villager (Male) |
| 24:52 | Crear | Villager (Male) |
| 25:37 | Crear | Villager (Male) |
| 25:38 | Crear | Villager (Male) |
| 25:40 | Crear | Battering Ram |
| 25:47 | Crear | Fire Lancer |
| 25:47 | Crear | Fire Lancer |
| 26:01 | Crear | Battering Ram |
| 26:17 | Crear | Fire Lancer |
| 26:17 | Crear | Fire Lancer |
| 26:18 | Crear | Villager (Male) |
| 26:18 | Crear | Villager (Male) |
| 26:20 | Crear | Villager (Male) |
| 26:23 | Construir | Farm |
| 26:37 | Crear | Villager (Male) |
| 26:51 | Construir | Castle |
| 26:52 | Construir | Mining Camp |
| 27:55 | Crear | Villager (Male) |
| 27:56 | Crear | Villager (Male) |
| 27:56 | Crear | Villager (Male) |
| 27:58 | Crear | Villager (Male) |
| 28:00 | Crear | Villager (Male) |
| 28:19 | Crear | Battering Ram |
| 28:26 | Crear | Villager (Male) |
| 28:27 | Crear | Villager (Male) |
| 28:31 | Construir | Mill |
| 28:31 | Construir | Farm |
| 28:32 | Construir | Farm |
| 28:32 | Construir | Farm |
| 28:32 | Construir | Farm |
| 28:32 | Construir | Farm |
| 28:33 | Construir | Farm |
Build order — ELEG | IronLeg
Primeras 150 de 243 acciones detectadas
| 0:23 | Construir | Town Center |
| 2:14 | Construir | House |
| 2:23 | Crear | Villager (Male) |
| 2:23 | Crear | Villager (Male) |
| 2:29 | Crear | Villager (Male) |
| 2:29 | Crear | Villager (Male) |
| 2:30 | Crear | Villager (Male) |
| 2:42 | Construir | House |
| 3:34 | Crear | Villager (Male) |
| 3:57 | Crear | Villager (Male) |
| 3:57 | Crear | Villager (Male) |
| 3:57 | Crear | Villager (Male) |
| 4:33 | Crear | Villager (Male) |
| 4:34 | Crear | Villager (Male) |
| 4:59 | Crear | Villager (Male) |
| 5:07 | Construir | House |
| 5:22 | Construir | House |
| 5:39 | Crear | Villager (Male) |
| 5:48 | Construir | House |
| 6:12 | Crear | Villager (Male) |
| 6:19 | Construir | House |
| 6:53 | Crear | Villager (Male) |
| 6:59 | Crear | Villager (Male) |
| 7:33 | Construir | Lumber Camp |
| 7:35 | Crear | Villager (Male) |
| 7:46 | Construir | Mill |
| 7:50 | Crear | Villager (Male) |
| 8:24 | Crear | Villager (Male) |
| 8:34 | Investigar | Feudal Age |
| 8:37 | Investigar | Loom |
| 8:39 | Crear | Villager (Male) |
| 8:43 | Construir | Barracks |
| 9:13 | Construir | House |
| 9:17 | Crear | Villager (Male) |
| 10:29 | Crear | Villager (Male) |
| 10:48 | Edad | Edad Feudal |
| 10:50 | Construir | Stable |
| 10:54 | Crear | Villager (Male) |
| 10:58 | Investigar | Double-Bit Axe |
| 11:30 | Crear | Scout Cavalry |
| 11:30 | Crear | Scout Cavalry |
| 11:54 | Construir | Blacksmith |
| 12:04 | Crear | Villager (Male) |
| 12:13 | Crear | Scout Cavalry |
| 12:15 | Crear | Villager (Male) |
| 12:27 | Crear | Villager (Male) |
| 12:39 | Crear | Villager (Male) |
| 12:44 | Construir | Mining Camp |
| 12:53 | Crear | Villager (Male) |
| 13:04 | Crear | Villager (Male) |
| 13:07 | Construir | House |
| 13:08 | Construir | House |
| 15:29 | Crear | Spearman |
| 15:30 | Crear | Spearman |
| 15:36 | Crear | Villager (Male) |
| 15:59 | Investigar | Castle Age |
| 16:07 | Construir | Farm |
| 16:07 | Construir | Farm |
| 16:07 | Construir | Farm |
| 16:08 | Construir | Farm |
| 16:08 | Construir | Farm |
| 16:08 | Construir | Farm |
| 16:08 | Construir | Farm |
| 17:57 | Crear | Villager (Male) |
| 18:05 | Crear | Villager (Male) |
| 18:29 | Construir | Market |
| 18:41 | Edad | Edad de los Castillos |
| 18:43 | Construir | House |
| 19:03 | Construir | Town Center |
| 19:10 | Construir | Palisade Gate |
| 19:16 | Crear | Villager (Male) |
| 19:25 | Construir | Palisade Gate |
| 19:31 | Crear | Villager (Male) |
| 19:40 | Investigar | Town Watch |
| 19:47 | Crear | Villager (Male) |
| 19:48 | Crear | Villager (Male) |
| 20:09 | Crear | Villager (Male) |
| 20:32 | Crear | Villager (Male) |
| 20:32 | Crear | Villager (Male) |
| 20:46 | Construir | House |
| 20:47 | Construir | House |
| 20:56 | Construir | Castle |
| 21:09 | Construir | Castle |
| 21:19 | Crear | Villager (Male) |
| 21:39 | Construir | Farm |
| 21:40 | Construir | Farm |
| 21:40 | Construir | Farm |
| 21:41 | Construir | Farm |
| 21:43 | Crear | Villager (Male) |
| 21:57 | Crear | Mangudai |
| 21:57 | Crear | Mangudai |
| 21:57 | Crear | Mangudai |
| 22:08 | Crear | Villager (Male) |
| 22:22 | Crear | Mangudai |
| 22:27 | Crear | Mangudai |
| 22:35 | Crear | Villager (Male) |
| 22:37 | Crear | Mangudai |
| 22:37 | Crear | Mangudai |
| 23:00 | Crear | Villager (Male) |
| 23:01 | Crear | Mangudai |
| 23:33 | Construir | Farm |
| 23:40 | Investigar | Fletching |
| 23:47 | Construir | Farm |
| 23:48 | Construir | Farm |
| 23:55 | Construir | Farm |
| 24:02 | Crear | Mangudai |
| 24:05 | Crear | Villager (Male) |
| 24:12 | Crear | Mangudai |
| 24:13 | Crear | Mangudai |
| 24:35 | Crear | Villager (Male) |
| 24:42 | Crear | Mangudai |
| 24:44 | Crear | Villager (Male) |
| 25:12 | Crear | Mangudai |
| 25:12 | Crear | Mangudai |
| 25:12 | Crear | Mangudai |
| 25:44 | Crear | Villager (Male) |
| 25:49 | Construir | Mining Camp |
| 26:42 | Crear | Mangudai |
| 26:42 | Crear | Villager (Male) |
| 27:11 | Investigar | Padded Archer Armor |
| 27:12 | Investigar | Bodkin Arrow |
| 27:14 | Crear | Villager (Male) |
| 27:26 | Crear | Villager (Male) |
| 27:42 | Investigar | Bloodlines |
| 28:23 | Crear | Villager (Male) |
| 28:23 | Crear | Villager (Male) |
| 28:25 | Crear | Villager (Male) |
| 28:26 | Crear | Villager (Male) |
| 28:44 | Construir | Mining Camp |
| 28:53 | Construir | Town Center |
| 29:30 | Crear | Villager (Male) |
| 29:47 | Construir | Lumber Camp |
| 30:06 | Construir | Farm |
| 30:17 | Crear | Villager (Male) |
| 30:17 | Crear | Villager (Male) |
| 30:34 | Crear | Villager (Male) |
| 30:51 | Crear | Villager (Male) |
| 31:06 | Crear | Mangudai |
| 31:08 | Crear | Villager (Male) |
| 31:35 | Crear | Villager (Male) |
| 31:48 | Construir | Mining Camp |
| 31:52 | Crear | Mangudai |
| 31:52 | Crear | Mangudai |
| 31:58 | Construir | University |
| 32:00 | Crear | Villager (Male) |
| 32:07 | Crear | Mangudai |
| 32:07 | Crear | Mangudai |
| 32:08 | Crear | Villager (Male) |
| 32:18 | Crear | Villager (Male) |
| 32:33 | Crear | Villager (Male) |
Build order — Fs.Careca^Smurf
Primeras 150 de 269 acciones detectadas
| 0:06 | Construir | Town Center |
| 2:40 | Crear | Villager (Male) |
| 2:40 | Crear | Villager (Male) |
| 2:40 | Crear | Villager (Male) |
| 2:40 | Crear | Villager (Male) |
| 2:41 | Crear | Villager (Male) |
| 2:41 | Crear | Villager (Male) |
| 2:41 | Crear | Villager (Male) |
| 2:48 | Construir | House |
| 4:32 | Crear | Villager (Male) |
| 4:32 | Crear | Villager (Male) |
| 4:33 | Crear | Villager (Male) |
| 4:51 | Construir | House |
| 5:20 | Construir | House |
| 5:33 | Construir | Lumber Camp |
| 6:07 | Crear | Villager (Male) |
| 6:07 | Crear | Villager (Male) |
| 6:52 | Investigar | Loom |
| 6:52 | Crear | Villager (Male) |
| 6:58 | Crear | Villager (Male) |
| 6:58 | Crear | Villager (Male) |
| 7:05 | Construir | House |
| 7:32 | Crear | Villager (Male) |
| 7:32 | Crear | Villager (Male) |
| 8:50 | Crear | Villager (Male) |
| 9:17 | Construir | Mining Camp |
| 9:43 | Crear | Villager (Male) |
| 10:02 | Construir | Mill |
| 10:08 | Construir | Mill |
| 10:26 | Investigar | Feudal Age |
| 10:48 | Crear | Villager (Male) |
| 10:48 | Crear | Villager (Male) |
| 11:47 | Construir | House |
| 12:24 | Construir | Farm |
| 12:26 | Construir | Farm |
| 12:36 | Edad | Edad Feudal |
| 12:42 | Construir | Market |
| 12:45 | Construir | Blacksmith |
| 13:12 | Crear | Villager (Male) |
| 13:30 | Construir | Farm |
| 13:57 | Investigar | Castle Age |
| 13:57 | Investigar | Castle Age |
| 14:27 | Crear | Villager (Male) |
| 14:27 | Crear | Villager (Male) |
| 14:42 | Construir | House |
| 15:20 | Investigar | Double-Bit Axe |
| 15:23 | Investigar | Horse Collar |
| 15:23 | Investigar | Horse Collar |
| 16:25 | Crear | Villager (Male) |
| 16:37 | Edad | Edad de los Castillos |
| 16:41 | Construir | Town Center |
| 16:58 | Investigar | Bow Saw |
| 17:01 | Crear | Villager (Male) |
| 17:24 | Construir | Farm |
| 17:40 | Crear | Villager (Male) |
| 18:49 | Crear | Villager (Male) |
| 18:49 | Crear | Villager (Male) |
| 18:56 | Construir | Barracks |
| 19:01 | Crear | Villager (Male) |
| 19:01 | Crear | Villager (Male) |
| 19:02 | Crear | Villager (Male) |
| 19:08 | Construir | Farm |
| 19:09 | Construir | Farm |
| 19:21 | Construir | Farm |
| 19:24 | Investigar | Heavy Plow |
| 19:30 | Construir | Farm |
| 19:33 | Crear | Villager (Male) |
| 19:33 | Crear | Villager (Male) |
| 19:40 | Construir | Farm |
| 19:45 | Crear | Trade Cart |
| 20:02 | Crear | Villager (Male) |
| 20:02 | Crear | Villager (Male) |
| 20:10 | Crear | Villager (Male) |
| 20:11 | Crear | Villager (Male) |
| 20:16 | Crear | Trade Cart |
| 20:41 | Construir | House |
| 20:42 | Construir | House |
| 20:51 | Crear | Spearman |
| 20:51 | Crear | Spearman |
| 21:12 | Construir | Stable |
| 21:24 | Investigar | Town Watch |
| 21:25 | Crear | Villager (Male) |
| 21:25 | Crear | Villager (Male) |
| 21:25 | Crear | Villager (Male) |
| 21:25 | Crear | Villager (Male) |
| 21:26 | Crear | Villager (Male) |
| 21:26 | Crear | Villager (Male) |
| 21:37 | Crear | Trade Cart |
| 21:55 | Construir | House |
| 21:55 | Construir | House |
| 21:57 | Construir | House |
| 22:03 | Crear | Knight ×2 |
| 22:11 | Construir | Farm |
| 22:30 | Construir | Farm |
| 22:49 | Construir | Farm |
| 23:01 | Crear | Villager (Male) |
| 23:02 | Crear | Villager (Male) |
| 23:02 | Crear | Villager (Male) |
| 23:02 | Crear | Villager (Male) |
| 23:12 | Construir | Farm |
| 23:22 | Construir | Monastery |
| 23:26 | Crear | Villager (Male) |
| 23:27 | Crear | Villager (Male) |
| 24:03 | Crear | Villager (Male) |
| 24:03 | Crear | Villager (Male) |
| 24:04 | Crear | Villager (Male) |
| 24:09 | Crear | Knight |
| 24:14 | Construir | Farm |
| 24:16 | Construir | Farm |
| 24:33 | Construir | Lumber Camp |
| 24:44 | Crear | Monk |
| 24:54 | Construir | Farm |
| 25:00 | Crear | Trade Cart |
| 25:09 | Crear | Villager (Male) |
| 25:09 | Crear | Villager (Male) |
| 25:09 | Crear | Villager (Male) |
| 25:13 | Construir | House |
| 25:13 | Construir | House |
| 25:14 | Construir | House |
| 25:16 | Construir | House |
| 25:41 | Investigar | Bloodlines |
| 25:42 | Investigar | Bloodlines |
| 25:49 | Construir | Farm |
| 25:58 | Investigar | Coinage |
| 26:23 | Construir | Castle |
| 26:26 | Construir | Farm |
| 26:27 | Construir | Farm |
| 26:29 | Construir | Farm |
| 27:00 | Construir | Town Center |
| 27:10 | Investigar | Scale Barding Armor |
| 27:11 | Investigar | Forging |
| 27:11 | Investigar | Forging |
| 27:21 | Crear | Monk |
| 27:35 | Investigar | Husbandry |
| 27:35 | Investigar | Husbandry |
| 27:36 | Investigar | Light Cavalry (upgrade) |
| 27:37 | Investigar | Light Cavalry (upgrade) |
| 27:55 | Crear | Knight |
| 27:55 | Crear | Knight |
| 28:04 | Construir | Farm |
| 28:06 | Construir | Farm |
| 28:07 | Construir | Farm |
| 28:08 | Construir | Farm |
| 28:10 | Construir | Farm |
| 28:11 | Construir | Farm |
| 28:29 | Construir | Mining Camp |
| 28:45 | Construir | Stable |
| 28:46 | Construir | Stable |
| 29:09 | Crear | Knight ×2 |
| 29:09 | Crear | Knight ×2 |
Build order — Oni.Nego
Primeras 150 de 277 acciones detectadas
| 0:27 | Construir | Town Center |
| 2:02 | Construir | Palisade Wall |
| 2:14 | Construir | Palisade Wall |
| 2:26 | Crear | Villager (Male) |
| 2:26 | Crear | Villager (Male) |
| 2:27 | Crear | Villager (Male) |
| 2:32 | Crear | Villager (Male) |
| 2:33 | Crear | Villager (Male) |
| 2:35 | Construir | House |
| 2:41 | Crear | Villager (Male) |
| 2:41 | Crear | Villager (Male) |
| 2:42 | Crear | Villager (Male) |
| 3:06 | Crear | Villager (Male) |
| 3:06 | Crear | Villager (Male) |
| 3:14 | Construir | House |
| 3:30 | Crear | Villager (Male) |
| 3:30 | Crear | Villager (Male) |
| 4:06 | Crear | Villager (Male) |
| 4:06 | Crear | Villager (Male) |
| 4:35 | Crear | Villager (Male) |
| 4:35 | Crear | Villager (Male) |
| 4:58 | Crear | Villager (Male) |
| 5:04 | Crear | Villager (Male) |
| 5:05 | Crear | Villager (Male) |
| 5:34 | Crear | Villager (Male) |
| 5:35 | Crear | Villager (Male) |
| 6:01 | Crear | Villager (Male) |
| 6:02 | Crear | Villager (Male) |
| 6:08 | Construir | House |
| 6:38 | Construir | Mill |
| 6:38 | Crear | Villager (Male) |
| 6:40 | Crear | Villager (Male) |
| 6:42 | Crear | Villager (Male) |
| 6:47 | Crear | Villager (Male) |
| 6:49 | Crear | Villager (Male) |
| 7:48 | Crear | Villager (Male) |
| 8:02 | Construir | Lumber Camp |
| 8:08 | Crear | Villager (Male) |
| 8:30 | Investigar | Feudal Age |
| 9:01 | Construir | Barracks |
| 9:38 | Construir | House |
| 10:05 | Crear | Villager (Male) |
| 10:18 | Crear | Villager (Male) |
| 10:27 | Construir | Palisade Wall |
| 10:28 | Construir | Palisade Wall |
| 10:31 | Crear | Villager (Male) |
| 10:36 | Crear | Villager (Male) |
| 10:48 | Edad | Edad Feudal |
| 10:50 | Construir | Stable |
| 10:54 | Investigar | Double-Bit Axe |
| 10:59 | Investigar | Loom |
| 10:59 | Crear | Villager (Male) |
| 11:18 | Crear | Villager (Male) |
| 11:31 | Crear | Scout Cavalry |
| 11:31 | Crear | Scout Cavalry |
| 11:37 | Investigar | Horse Collar |
| 11:38 | Crear | Villager (Male) |
| 11:48 | Crear | Villager (Male) |
| 11:51 | Construir | Mill |
| 12:08 | Construir | Palisade Wall |
| 12:10 | Crear | Scout Cavalry |
| 12:32 | Construir | Farm |
| 12:37 | Crear | Scout Cavalry |
| 12:48 | Crear | Villager (Male) |
| 13:01 | Construir | House |
| 13:04 | Construir | House |
| 13:05 | Construir | House |
| 13:31 | Crear | Spearman |
| 13:45 | Crear | Scout Cavalry |
| 13:47 | Crear | Spearman |
| 13:56 | Crear | Scout Cavalry |
| 14:03 | Crear | Scout Cavalry |
| 14:26 | Crear | Villager (Male) |
| 14:33 | Construir | Farm |
| 14:54 | Crear | Villager (Male) |
| 14:59 | Construir | Farm |
| 14:59 | Construir | Farm |
| 15:00 | Crear | Villager (Male) |
| 15:11 | Crear | Villager (Male) |
| 15:27 | Construir | Farm |
| 15:27 | Construir | Farm |
| 15:31 | Construir | Farm |
| 15:31 | Crear | Villager (Male) |
| 15:45 | Crear | Villager (Male) |
| 15:48 | Construir | House |
| 15:51 | Construir | Palisade Wall |
| 15:58 | Construir | Blacksmith |
| 16:02 | Crear | Villager (Male) |
| 16:11 | Crear | Villager (Male) |
| 16:12 | Crear | Villager (Male) |
| 16:30 | Crear | Villager (Male) |
| 16:52 | Construir | Mining Camp |
| 17:15 | Crear | Villager (Male) |
| 17:36 | Crear | Villager (Male) |
| 17:59 | Crear | Villager (Male) |
| 18:01 | Construir | Market |
| 18:13 | Crear | Villager (Male) |
| 18:29 | Construir | Market |
| 18:33 | Crear | Villager (Male) |
| 18:46 | Construir | Watch Tower |
| 19:20 | Construir | Palisade Gate |
| 19:23 | Crear | Villager (Male) |
| 19:36 | Investigar | Castle Age |
| 19:49 | Crear | Villager (Male) |
| 19:55 | Crear | Scout Cavalry |
| 19:55 | Crear | Scout Cavalry |
| 20:03 | Crear | Villager (Male) |
| 20:30 | Crear | Scout Cavalry |
| 20:30 | Crear | Scout Cavalry |
| 20:46 | Crear | Scout Cavalry |
| 20:46 | Crear | Scout Cavalry |
| 20:57 | Investigar | Scale Barding Armor |
| 20:57 | Crear | Villager (Male) |
| 21:05 | Construir | House |
| 21:08 | Construir | House |
| 21:21 | Crear | Villager (Male) |
| 21:52 | Crear | Villager (Male) |
| 22:26 | Crear | Villager (Male) |
| 22:28 | Edad | Edad de los Castillos |
| 23:12 | Crear | Villager (Male) |
| 23:35 | Crear | Steppe Lancer |
| 23:39 | Investigar | Light Cavalry (upgrade) |
| 23:39 | Crear | Villager (Male) |
| 23:51 | Construir | Castle |
| 24:13 | Construir | House |
| 24:40 | Construir | Mining Camp |
| 24:48 | Crear | Mangudai |
| 24:48 | Crear | Mangudai |
| 24:48 | Crear | Mangudai |
| 25:11 | Crear | Villager (Male) |
| 25:11 | Crear | Villager (Male) |
| 25:14 | Crear | Mangudai |
| 25:14 | Crear | Mangudai |
| 25:44 | Construir | Town Center |
| 25:45 | Crear | Villager (Male) |
| 26:01 | Investigar | Fletching |
| 26:01 | Crear | Villager (Male) |
| 26:08 | Crear | Villager (Male) |
| 26:25 | Crear | Mangudai |
| 26:25 | Crear | Mangudai |
| 26:25 | Crear | Mangudai |
| 26:33 | Crear | Villager (Male) |
| 26:33 | Crear | Villager (Male) |
| 26:34 | Crear | Mangudai |
| 26:35 | Crear | Mangudai |
| 26:56 | Crear | Villager (Male) |
| 27:59 | Crear | Mangudai |
| 27:59 | Crear | Mangudai |
| 27:59 | Crear | Mangudai |
| 27:59 | Crear | Mangudai |
Build order — LicKawamas97
Primeras 150 de 390 acciones detectadas
| 0:20 | Construir | Town Center |
| 1:37 | Construir | House |
| 2:48 | Crear | Villager (Male) |
| 2:49 | Crear | Villager (Male) |
| 2:59 | Crear | Villager (Male) |
| 2:59 | Crear | Villager (Male) |
| 4:17 | Crear | Villager (Male) |
| 4:17 | Crear | Villager (Male) |
| 4:18 | Crear | Villager (Male) |
| 4:28 | Construir | House |
| 4:43 | Investigar | Loom |
| 4:48 | Crear | Villager (Male) |
| 4:55 | Construir | House |
| 5:01 | Construir | House |
| 5:08 | Construir | House |
| 5:11 | Construir | House |
| 5:18 | Crear | Villager (Male) |
| 5:28 | Crear | Villager (Male) |
| 5:35 | Construir | House |
| 6:23 | Crear | Villager (Male) |
| 7:13 | Crear | Villager (Male) |
| 7:13 | Crear | Villager (Male) |
| 7:21 | Construir | House |
| 7:49 | Crear | Villager (Male) |
| 7:49 | Crear | Villager (Male) |
| 8:10 | Construir | Lumber Camp |
| 8:12 | Crear | Villager (Male) |
| 8:12 | Crear | Villager (Male) |
| 8:52 | Crear | Villager (Male) |
| 9:00 | Construir | Mill |
| 9:24 | Crear | Villager (Male) |
| 10:07 | Construir | Outpost |
| 10:08 | Construir | Palisade Wall |
| 10:10 | Construir | Palisade Wall |
| 10:12 | Construir | Palisade Wall |
| 10:12 | Construir | Palisade Wall |
| 10:16 | Investigar | Feudal Age |
| 11:24 | Crear | Villager (Male) |
| 11:42 | Construir | Outpost |
| 11:43 | Construir | Palisade Wall |
| 11:43 | Construir | Palisade Wall |
| 12:39 | Construir | Watch Tower |
| 12:45 | Investigar | Town Watch |
| 12:47 | Construir | House |
| 12:52 | Construir | House |
| 12:56 | Construir | Palisade Wall |
| 13:03 | Construir | House |
| 13:16 | Crear | Villager (Male) |
| 13:24 | Construir | Blacksmith |
| 13:32 | Construir | Palisade Gate |
| 13:36 | Construir | Palisade Gate |
| 13:54 | Construir | Watch Tower |
| 13:58 | Construir | Palisade Wall |
| 13:58 | Construir | Palisade Wall |
| 14:01 | Crear | Villager (Male) |
| 14:08 | Construir | Outpost |
| 14:09 | Construir | Palisade Wall |
| 14:10 | Construir | Palisade Wall |
| 14:10 | Construir | Palisade Wall |
| 14:29 | Crear | Villager (Male) |
| 14:34 | Construir | Palisade Wall |
| 14:35 | Construir | Palisade Wall |
| 14:45 | Crear | Villager (Male) |
| 15:05 | Construir | Palisade Wall |
| 15:06 | Construir | Palisade Wall |
| 15:07 | Construir | Palisade Wall |
| 15:15 | Crear | Villager (Male) |
| 15:20 | Construir | Palisade Wall |
| 15:24 | Construir | Palisade Wall |
| 15:24 | Construir | Palisade Wall |
| 15:25 | Construir | Palisade Wall |
| 15:27 | Crear | Villager (Male) |
| 15:39 | Construir | Mill |
| 15:57 | Construir | House |
| 15:58 | Construir | Palisade Wall |
| 15:59 | Construir | Palisade Wall |
| 16:01 | Construir | Palisade Wall |
| 16:02 | Construir | Palisade Wall |
| 16:03 | Construir | Palisade Wall |
| 16:07 | Crear | Villager (Male) |
| 16:28 | Construir | Palisade Wall |
| 16:36 | Crear | Villager (Male) |
| 16:40 | Construir | Market |
| 16:47 | Construir | Outpost |
| 16:50 | Construir | Outpost |
| 16:51 | Crear | Villager (Male) |
| 17:17 | Construir | Outpost |
| 17:17 | Construir | Palisade Wall |
| 17:18 | Construir | Palisade Wall |
| 17:25 | Construir | Palisade Wall |
| 17:25 | Construir | Palisade Wall |
| 17:27 | Crear | Villager (Male) |
| 17:41 | Crear | Villager (Male) |
| 18:20 | Construir | Watch Tower |
| 18:24 | Construir | Mining Camp |
| 18:26 | Construir | Palisade Wall |
| 18:28 | Construir | Palisade Wall |
| 18:28 | Construir | Palisade Wall |
| 18:30 | Construir | Palisade Wall |
| 18:32 | Construir | Palisade Wall |
| 18:33 | Construir | Palisade Wall |
| 18:33 | Construir | Palisade Wall |
| 18:37 | Crear | Villager (Male) |
| 18:42 | Construir | Palisade Gate |
| 19:30 | Investigar | Castle Age |
| 20:21 | Construir | Lumber Camp |
| 20:27 | Construir | Palisade Wall |
| 20:35 | Investigar | Double-Bit Axe |
| 21:09 | Investigar | Padded Archer Armor |
| 22:03 | Crear | Villager (Male) |
| 22:13 | Construir | Town Center |
| 22:35 | Crear | Villager (Male) |
| 22:53 | Construir | Farm |
| 23:16 | Crear | Villager (Male) |
| 23:16 | Crear | Villager (Male) |
| 23:19 | Construir | Farm |
| 23:58 | Construir | Monastery |
| 24:34 | Construir | Farm |
| 24:37 | Construir | Farm |
| 24:38 | Crear | Villager (Male) |
| 24:38 | Crear | Villager (Male) |
| 24:43 | Crear | Monk |
| 24:56 | Construir | Farm |
| 25:05 | Crear | Villager (Male) |
| 25:06 | Crear | Villager (Male) |
| 25:06 | Crear | Villager (Male) |
| 25:06 | Crear | Villager (Male) |
| 25:06 | Crear | Villager (Male) |
| 25:12 | Crear | Villager (Male) |
| 25:14 | Construir | Outpost |
| 25:14 | Construir | Palisade Wall |
| 25:15 | Construir | Palisade Wall |
| 25:39 | Crear | Villager (Male) |
| 25:59 | Construir | Outpost |
| 26:00 | Construir | Outpost |
| 26:06 | Crear | Monk |
| 26:07 | Crear | Monk |
| 26:07 | Crear | Villager (Male) |
| 26:40 | Crear | Villager (Male) |
| 26:40 | Crear | Villager (Male) |
| 26:45 | Construir | Palisade Gate |
| 27:09 | Construir | Castle |
| 27:14 | Construir | House |
| 27:19 | Crear | Monk |
| 28:02 | Construir | Mining Camp |
| 28:12 | Crear | Villager (Male) |
| 28:16 | Crear | Monk |
| 28:20 | Crear | Villager (Male) |
| 28:29 | Crear | Monk |
| 28:46 | Construir | Town Center |
Build order — Fs.Carniça
Primeras 150 de 343 acciones detectadas
| 0:21 | Construir | Town Center |
| 1:38 | Construir | House |
| 2:38 | Crear | Villager (Male) |
| 2:39 | Crear | Villager (Male) |
| 2:39 | Crear | Villager (Male) |
| 2:51 | Crear | Villager (Male) |
| 2:55 | Construir | House |
| 3:09 | Construir | House |
| 3:22 | Construir | House |
| 4:06 | Crear | Villager (Male) |
| 4:06 | Crear | Villager (Male) |
| 4:22 | Construir | House |
| 4:38 | Crear | Villager (Male) |
| 4:57 | Crear | Villager (Male) |
| 5:25 | Crear | Villager (Male) |
| 5:25 | Crear | Villager (Male) |
| 6:07 | Crear | Villager (Male) |
| 6:08 | Crear | Villager (Male) |
| 6:32 | Construir | House |
| 6:48 | Crear | Villager (Male) |
| 7:13 | Crear | Villager (Male) |
| 7:23 | Crear | Villager (Male) |
| 7:38 | Crear | Villager (Male) |
| 8:28 | Crear | Villager (Male) |
| 8:43 | Crear | Villager (Male) |
| 8:45 | Construir | House |
| 8:50 | Construir | House |
| 8:55 | Crear | Villager (Male) |
| 9:28 | Construir | House |
| 9:38 | Construir | House |
| 9:52 | Construir | Lumber Camp |
| 9:55 | Construir | House |
| 10:13 | Crear | Villager (Male) |
| 10:20 | Construir | Barracks |
| 10:22 | Crear | Villager (Male) |
| 11:03 | Construir | House |
| 11:11 | Crear | Villager (Male) |
| 11:17 | Construir | House |
| 11:28 | Construir | House |
| 11:39 | Construir | House |
| 11:51 | Crear | Villager (Male) |
| 11:55 | Investigar | Feudal Age |
| 11:58 | Construir | House |
| 12:44 | Construir | Mining Camp |
| 12:50 | Investigar | Loom |
| 13:45 | Crear | Villager (Male) |
| 13:51 | Construir | Lumber Camp |
| 14:05 | Edad | Edad Feudal |
| 14:07 | Construir | Archery Range |
| 14:08 | Investigar | Double-Bit Axe |
| 14:24 | Crear | Villager (Male) |
| 14:32 | Construir | Mill |
| 14:33 | Crear | Villager (Male) |
| 14:48 | Crear | Archer |
| 14:50 | Construir | House |
| 15:01 | Crear | Archer |
| 15:05 | Crear | Villager (Male) |
| 15:21 | Construir | Watch Tower |
| 15:25 | Crear | Villager (Male) |
| 15:36 | Crear | Villager (Male) |
| 16:11 | Crear | Archer |
| 16:23 | Construir | Farm |
| 16:26 | Crear | Archer |
| 16:38 | Crear | Villager (Male) |
| 16:50 | Crear | Archer |
| 17:08 | Crear | Villager (Male) |
| 17:13 | Construir | Blacksmith |
| 17:24 | Crear | Villager (Male) |
| 17:28 | Crear | Archer |
| 17:50 | Construir | Farm |
| 17:55 | Construir | Farm |
| 18:04 | Construir | Farm |
| 18:11 | Crear | Villager (Male) |
| 18:14 | Crear | Villager (Male) |
| 18:25 | Crear | Villager (Male) |
| 18:42 | Crear | Villager (Male) |
| 18:59 | Crear | Villager (Male) |
| 19:22 | Construir | Market |
| 19:48 | Crear | Villager (Male) |
| 20:17 | Crear | Spearman |
| 20:34 | Investigar | Castle Age |
| 20:48 | Construir | Mining Camp |
| 21:20 | Construir | Lumber Camp |
| 21:48 | Crear | Villager (Male) |
| 22:56 | Construir | Farm |
| 22:57 | Construir | Farm |
| 23:14 | Edad | Edad de los Castillos |
| 23:16 | Construir | Castle |
| 23:18 | Crear | Villager (Male) |
| 23:30 | Construir | Town Center |
| 23:32 | Crear | Villager (Male) |
| 23:37 | Construir | House |
| 23:44 | Crear | Villager (Male) |
| 23:48 | Crear | Villager (Male) |
| 23:59 | Construir | Farm |
| 24:01 | Construir | Farm |
| 24:02 | Crear | Villager (Male) |
| 24:13 | Construir | Mining Camp |
| 24:13 | Crear | Villager (Male) |
| 24:27 | Crear | Samurai |
| 24:28 | Crear | Samurai |
| 24:48 | Crear | Samurai |
| 24:53 | Crear | Villager (Male) |
| 24:56 | Crear | Villager (Male) |
| 25:11 | Crear | Villager (Male) |
| 25:24 | Crear | Villager (Male) |
| 25:27 | Construir | Farm |
| 25:29 | Construir | Farm |
| 25:52 | Construir | Town Center |
| 26:00 | Crear | Samurai |
| 26:00 | Crear | Samurai |
| 26:34 | Crear | Samurai |
| 26:34 | Crear | Samurai |
| 26:41 | Construir | Farm |
| 26:41 | Construir | Farm |
| 26:41 | Construir | Farm |
| 26:42 | Construir | Farm |
| 27:00 | Crear | Samurai |
| 27:10 | Crear | Villager (Male) |
| 27:10 | Crear | Villager (Male) |
| 27:20 | Crear | Samurai |
| 27:39 | Construir | Lumber Camp |
| 27:43 | Crear | Samurai |
| 27:44 | Crear | Villager (Male) |
| 27:44 | Crear | Villager (Male) |
| 27:44 | Crear | Villager (Male) |
| 27:45 | Crear | Villager (Male) |
| 28:03 | Crear | Villager (Male) |
| 28:28 | Construir | Mining Camp |
| 28:29 | Crear | Villager (Male) |
| 28:29 | Crear | Villager (Male) |
| 28:45 | Crear | Villager (Male) |
| 28:46 | Crear | Villager (Male) |
| 28:58 | Construir | Farm |
| 28:58 | Construir | Farm |
| 28:59 | Construir | Farm |
| 28:59 | Construir | Farm |
| 29:08 | Crear | Villager (Male) |
| 29:08 | Crear | Villager (Male) |
| 29:31 | Construir | Farm |
| 29:31 | Construir | Farm |
| 29:43 | Crear | Villager (Male) |
| 29:44 | Crear | Villager (Male) |
| 29:50 | Construir | Farm |
| 29:50 | Construir | Farm |
| 29:51 | Construir | Farm |
| 29:51 | Construir | Farm |
| 29:51 | Construir | Farm |
| 29:51 | Construir | Farm |
| 30:10 | Crear | Samurai |
Build order — LoboFerretero
Primeras 150 de 353 acciones detectadas
| 0:23 | Construir | Town Center |
| 3:09 | Crear | Villager (Male) |
| 3:10 | Crear | Villager (Male) |
| 3:52 | Crear | Villager (Male) |
| 4:19 | Investigar | Loom |
| 4:32 | Crear | Villager (Male) |
| 4:32 | Crear | Villager (Male) |
| 4:46 | Crear | Villager (Male) |
| 4:47 | Crear | Villager (Male) |
| 5:48 | Crear | Villager (Male) |
| 6:14 | Crear | Villager (Male) |
| 6:40 | Crear | Villager (Male) |
| 7:02 | Crear | Villager (Male) |
| 7:32 | Crear | Villager (Male) |
| 7:53 | Crear | Villager (Male) |
| 8:19 | Crear | Villager (Male) |
| 8:28 | Construir | Lumber Camp |
| 8:48 | Crear | Villager (Male) |
| 9:02 | Crear | Villager (Male) |
| 9:41 | Construir | Mining Camp |
| 9:42 | Crear | Villager (Male) |
| 9:47 | Crear | Villager (Male) |
| 10:20 | Crear | Villager (Male) |
| 11:00 | Crear | Villager (Male) |
| 11:06 | Investigar | Feudal Age |
| 11:32 | Construir | Palisade Wall |
| 11:33 | Construir | Palisade Wall |
| 11:34 | Construir | Palisade Wall |
| 11:39 | Construir | Palisade Wall |
| 11:40 | Construir | Palisade Wall |
| 11:41 | Construir | Palisade Wall |
| 12:28 | Construir | Mill |
| 13:16 | Edad | Edad Feudal |
| 13:19 | Construir | Market |
| 13:21 | Construir | Blacksmith |
| 13:21 | Crear | Villager (Male) |
| 13:49 | Crear | Villager (Male) |
| 13:58 | Construir | Palisade Wall |
| 13:59 | Investigar | Double-Bit Axe |
| 14:13 | Investigar | Castle Age |
| 14:21 | Construir | Barracks |
| 15:33 | Construir | Archery Range |
| 15:36 | Investigar | Double-Bit Axe |
| 16:18 | Construir | Mining Camp |
| 16:49 | Investigar | Fletching |
| 16:51 | Crear | Villager (Male) |
| 16:54 | Edad | Edad de los Castillos |
| 16:55 | Crear | Cavalry Archer |
| 16:56 | Crear | Cavalry Archer |
| 17:24 | Crear | Cavalry Archer |
| 17:25 | Crear | Villager (Male) |
| 17:29 | Construir | Archery Range |
| 17:41 | Investigar | Padded Archer Armor |
| 17:54 | Crear | Villager (Male) |
| 18:00 | Investigar | Loom |
| 18:21 | Crear | Archer |
| 18:22 | Crear | Cavalry Archer |
| 18:24 | Crear | Villager (Male) |
| 18:33 | Crear | Cavalry Archer |
| 18:34 | Crear | Villager (Male) |
| 18:59 | Crear | Villager (Male) |
| 19:01 | Crear | Cavalry Archer |
| 19:13 | Crear | Villager (Male) |
| 19:39 | Crear | Cavalry Archer |
| 19:39 | Crear | Cavalry Archer |
| 19:52 | Crear | Villager (Male) |
| 20:03 | Crear | Cavalry Archer |
| 20:03 | Crear | Cavalry Archer |
| 20:26 | Crear | Villager (Male) |
| 20:35 | Construir | Stable |
| 20:52 | Crear | Villager (Male) |
| 20:54 | Crear | Cavalry Archer |
| 20:54 | Crear | Cavalry Archer |
| 21:05 | Crear | Villager (Male) |
| 21:05 | Crear | Villager (Male) |
| 21:27 | Investigar | Bloodlines |
| 21:30 | Crear | Villager (Male) |
| 21:41 | Construir | Town Center |
| 21:44 | Crear | Cavalry Archer |
| 21:44 | Crear | Cavalry Archer |
| 21:57 | Construir | Town Center |
| 22:15 | Crear | Villager (Male) |
| 22:15 | Crear | Villager (Male) |
| 22:17 | Construir | Farm |
| 22:18 | Construir | Farm |
| 22:18 | Construir | Farm |
| 22:18 | Construir | Farm |
| 22:18 | Construir | Farm |
| 22:41 | Construir | Farm |
| 22:51 | Crear | Cavalry Archer |
| 22:51 | Crear | Cavalry Archer |
| 23:02 | Construir | Farm |
| 23:02 | Construir | Farm |
| 23:02 | Construir | Farm |
| 23:03 | Construir | Farm |
| 23:03 | Construir | Farm |
| 23:03 | Construir | Farm |
| 23:24 | Crear | Cavalry Archer |
| 23:25 | Crear | Cavalry Archer |
| 23:35 | Crear | Villager (Male) |
| 23:39 | Construir | Farm |
| 23:39 | Construir | Farm |
| 23:39 | Construir | Farm |
| 23:40 | Construir | Farm |
| 23:40 | Construir | Farm |
| 23:40 | Construir | Farm |
| 23:40 | Construir | Farm |
| 23:40 | Construir | Farm |
| 23:51 | Construir | Farm |
| 23:51 | Construir | Farm |
| 23:52 | Construir | Farm |
| 23:57 | Crear | Villager (Male) |
| 23:57 | Crear | Villager (Male) |
| 24:29 | Crear | Villager (Male) |
| 24:32 | Construir | Farm |
| 24:32 | Construir | Farm |
| 24:32 | Construir | Farm |
| 24:47 | Crear | Cavalry Archer |
| 24:47 | Crear | Cavalry Archer |
| 24:56 | Crear | Villager (Male) |
| 24:57 | Crear | Villager (Male) |
| 25:15 | Construir | Farm |
| 25:15 | Construir | Farm |
| 25:19 | Crear | Villager (Male) |
| 25:19 | Crear | Villager (Male) |
| 25:20 | Crear | Cavalry Archer |
| 25:20 | Crear | Cavalry Archer |
| 25:24 | Crear | Villager (Male) |
| 25:49 | Crear | Villager (Male) |
| 25:50 | Crear | Villager (Male) |
| 26:08 | Crear | Cavalry Archer |
| 26:09 | Crear | Cavalry Archer |
| 26:15 | Crear | Villager (Male) |
| 26:15 | Crear | Villager (Male) |
| 26:30 | Construir | Mill |
| 26:30 | Construir | Farm |
| 26:31 | Construir | Farm |
| 26:31 | Construir | Farm |
| 26:31 | Construir | Farm |
| 26:31 | Construir | Farm |
| 26:31 | Construir | Farm |
| 26:33 | Crear | Villager (Male) |
| 26:42 | Crear | Cavalry Archer |
| 26:42 | Crear | Cavalry Archer |
| 26:56 | Crear | Villager (Male) |
| 27:10 | Crear | Villager (Male) |
| 27:11 | Crear | Villager (Male) |
| 27:20 | Crear | Villager (Male) |
| 27:22 | Crear | Cavalry Archer |
| 27:22 | Crear | Cavalry Archer |
Build order — Fs.7mendes
Primeras 150 de 284 acciones detectadas
| 0:49 | Construir | Town Center |
| 2:46 | Construir | House |
| 2:52 | Crear | Villager (Male) |
| 2:52 | Crear | Villager (Male) |
| 2:52 | Crear | Villager (Male) |
| 2:53 | Crear | Villager (Male) |
| 4:18 | Crear | Villager (Male) |
| 4:26 | Crear | Villager (Male) |
| 4:26 | Crear | Villager (Male) |
| 4:35 | Construir | Settlement |
| 4:39 | Construir | House |
| 5:05 | Crear | Villager (Male) |
| 5:05 | Crear | Villager (Male) |
| 5:06 | Crear | Villager (Male) |
| 5:47 | Investigar | Loom |
| 6:00 | Crear | Villager (Male) |
| 6:00 | Crear | Villager (Male) |
| 6:38 | Crear | Villager (Male) |
| 7:31 | Crear | Villager (Male) |
| 7:52 | Crear | Villager (Male) |
| 7:52 | Crear | Villager (Male) |
| 8:08 | Crear | Villager (Male) |
| 8:08 | Crear | Villager (Male) |
| 8:33 | Construir | Settlement |
| 8:58 | Construir | House |
| 9:35 | Crear | Villager (Male) |
| 9:35 | Crear | Villager (Male) |
| 9:35 | Crear | Villager (Male) |
| 9:38 | Crear | Villager (Male) |
| 9:38 | Crear | Villager (Male) |
| 10:05 | Crear | Villager (Male) |
| 10:27 | Crear | Villager (Male) |
| 10:44 | Investigar | Feudal Age |
| 11:24 | Construir | House |
| 11:27 | Construir | House |
| 11:31 | Construir | Palisade Wall |
| 12:17 | Construir | House |
| 12:24 | Construir | House |
| 12:29 | Crear | Villager (Male) |
| 13:02 | Edad | Edad Feudal |
| 13:05 | Construir | Market |
| 13:11 | Construir | Blacksmith |
| 13:39 | Crear | Villager (Male) |
| 13:43 | Crear | Villager (Male) |
| 14:15 | Investigar | Castle Age |
| 14:58 | Investigar | Horse Collar |
| 15:06 | Construir | House |
| 15:07 | Construir | Palisade Wall |
| 15:27 | Construir | House |
| 15:28 | Construir | House |
| 15:36 | Construir | Palisade Wall |
| 16:04 | Investigar | Double-Bit Axe |
| 16:29 | Construir | Palisade Wall |
| 16:55 | Edad | Edad de los Castillos |
| 17:00 | Crear | Villager (Male) |
| 17:00 | Crear | Villager (Male) |
| 17:26 | Crear | Villager (Male) |
| 17:26 | Crear | Villager (Male) |
| 17:44 | Construir | Castle |
| 17:52 | Construir | Barracks |
| 17:55 | Crear | Villager (Male) |
| 18:02 | Crear | Villager (Male) |
| 18:25 | Construir | Town Center |
| 18:28 | Crear | Spearman |
| 18:32 | Construir | Farm |
| 18:33 | Construir | Farm |
| 18:49 | Crear | Villager (Male) |
| 18:49 | Crear | Villager (Male) |
| 19:08 | Crear | Unit 2579 ×2 |
| 19:11 | Crear | Villager (Male) |
| 19:50 | Crear | Villager (Male) |
| 19:52 | Crear | Unit 2579 ×2 |
| 20:03 | Investigar | Fletching |
| 20:08 | Crear | Villager (Male) |
| 20:14 | Crear | Villager (Male) |
| 20:14 | Crear | Villager (Male) |
| 20:29 | Crear | Unit 2579 |
| 20:32 | Crear | Villager (Male) |
| 20:32 | Crear | Villager (Male) |
| 20:40 | Crear | Villager (Male) |
| 20:40 | Crear | Villager (Male) |
| 20:40 | Crear | Villager (Male) |
| 20:56 | Crear | Villager (Male) |
| 20:57 | Crear | Villager (Male) |
| 21:01 | Crear | Villager (Male) |
| 21:02 | Crear | Villager (Male) |
| 21:20 | Crear | Unit 2579 ×3 |
| 21:21 | Crear | Villager (Male) |
| 21:22 | Crear | Villager (Male) |
| 21:22 | Crear | Villager (Male) |
| 21:22 | Crear | Villager (Male) |
| 21:32 | Crear | Villager (Male) |
| 21:33 | Crear | Villager (Male) |
| 21:33 | Crear | Villager (Male) |
| 21:44 | Crear | Villager (Male) |
| 22:37 | Investigar | Bodkin Arrow |
| 22:37 | Investigar | Bodkin Arrow |
| 22:55 | Crear | Villager (Male) |
| 22:55 | Crear | Villager (Male) |
| 22:57 | Crear | Unit 2579 ×2 |
| 23:23 | Crear | Villager (Male) |
| 23:23 | Crear | Villager (Male) |
| 23:31 | Crear | Villager (Male) |
| 23:49 | Crear | Unit 2579 |
| 23:51 | Crear | Villager (Male) |
| 23:55 | Crear | Villager (Male) |
| 23:55 | Crear | Villager (Male) |
| 24:32 | Construir | University |
| 24:41 | Construir | Castle |
| 24:45 | Crear | Unit 2579 |
| 24:47 | Crear | Villager (Male) |
| 24:48 | Crear | Villager (Male) |
| 25:05 | Crear | Villager (Male) |
| 25:05 | Crear | Villager (Male) |
| 25:16 | Construir | Settlement |
| 25:24 | Crear | Villager (Male) |
| 25:31 | Construir | Farm |
| 25:34 | Construir | Farm |
| 25:36 | Construir | Farm |
| 25:37 | Crear | Villager (Male) |
| 25:37 | Crear | Villager (Male) |
| 25:50 | Construir | Settlement |
| 26:50 | Investigar | Ballistics |
| 26:50 | Investigar | Ballistics |
| 26:56 | Crear | Villager (Male) |
| 26:56 | Crear | Villager (Male) |
| 27:03 | Construir | Siege Workshop |
| 27:07 | Crear | Unit 2579 ×3 |
| 27:09 | Crear | Villager (Male) |
| 27:09 | Crear | Villager (Male) |
| 27:09 | Crear | Villager (Male) |
| 27:21 | Construir | Farm |
| 27:21 | Construir | Farm |
| 27:21 | Construir | Farm |
| 27:22 | Construir | Farm |
| 27:22 | Construir | Farm |
| 27:22 | Construir | Farm |
| 27:29 | Crear | Villager (Male) |
| 27:29 | Crear | Villager (Male) |
| 27:29 | Crear | Villager (Male) |
| 27:57 | Crear | Villager (Male) |
| 27:57 | Crear | Villager (Male) |
| 27:59 | Crear | Mangonel |
| 28:14 | Construir | Settlement |
| 28:20 | Crear | Villager (Male) |
| 28:20 | Crear | Villager (Male) |
| 28:54 | Crear | Villager (Male) |
| 28:54 | Crear | Villager (Male) |
| 29:05 | Crear | Unit 2579 ×5 |
| 29:05 | Crear | Unit 2579 ×5 |
Cronología de la partida
| 2:02 | Oni.Nego · wall_segment Palisade Wall x1 |
| 2:14 | Oni.Nego · wall_segment Palisade Wall x1 |
| 8:43 | ELEG | IronLeg · first_building Barracks |
| 9:01 | Oni.Nego · first_building Barracks |
| 10:08 | LicKawamas97 · wall_segment Palisade Wall x1 |
| 10:10 | LicKawamas97 · wall_segment Palisade Wall x3 |
| 10:12 | LicKawamas97 · wall_segment Palisade Wall x1 |
| 10:12 | LicKawamas97 · wall_segment Palisade Wall x1 |
| 10:20 | Fs.Carniça · first_building Barracks |
| 10:27 | Oni.Nego · wall_segment Palisade Wall x4 |
| 10:28 | Oni.Nego · wall_segment Palisade Wall x7 |
| 10:48 | Oni.Nego · age_up feudal |
| 10:48 | ELEG | IronLeg · age_up feudal |
| 10:50 | ELEG | IronLeg · first_building Stable |
| 10:50 | Oni.Nego · first_building Stable |
| 11:30 | ELEG | Gabo · wall_segment Palisade Wall x1 |
| 11:31 | Fs.7mendes · wall_segment Palisade Wall x4 |
| 11:32 | LoboFerretero · wall_segment Palisade Wall x1 |
| 11:33 | LoboFerretero · wall_segment Palisade Wall x1 |
| 11:33 | ELEG | Gabo · wall_segment Palisade Wall x1 |
| 11:34 | ELEG | Gabo · wall_segment Palisade Wall x1 |
| 11:34 | LoboFerretero · wall_segment Palisade Wall x1 |
| 11:35 | ELEG | Gabo · wall_segment Palisade Wall x1 |
| 11:39 | LoboFerretero · wall_segment Palisade Wall x1 |
| 11:40 | LoboFerretero · wall_segment Palisade Wall x3 |
| 11:41 | LoboFerretero · wall_segment Palisade Wall x3 |
| 11:43 | LicKawamas97 · wall_segment Palisade Wall x1 |
| 11:43 | LicKawamas97 · wall_segment Palisade Wall x1 |
| 11:53 | ELEG | Gabo · wall_segment Palisade Wall x1 |
| 11:55 | ELEG | Gabo · wall_segment Palisade Wall x1 |
| 11:55 | ELEG | Gabo · wall_segment Palisade Wall x1 |
| 11:56 | ELEG | Gabo · wall_segment Palisade Wall x1 |
| 11:57 | ELEG | Gabo · wall_segment Palisade Wall x1 |
| 11:59 | ELEG | Gabo · wall_segment Palisade Wall x1 |
| 12:08 | Oni.Nego · wall_segment Palisade Wall x7 |
| 12:23 | ELEG | Gabo · age_up feudal |
| 12:36 | Fs.Careca^Smurf · age_up feudal |
| 12:56 | LicKawamas97 · wall_segment Palisade Wall x1 |
| 13:02 | Fs.7mendes · age_up feudal |
| 13:16 | LoboFerretero · age_up feudal |
| 13:50 | Fs.Careca^Smurf · first_market_sell 100 stone |
| 13:58 | LoboFerretero · wall_segment Palisade Wall x1 |
| 13:58 | LicKawamas97 · wall_segment Palisade Wall x1 |
| 13:58 | Fs.7mendes · first_market_sell 500 wood |
| 13:58 | LicKawamas97 · wall_segment Palisade Wall x1 |
| 14:05 | Fs.Carniça · age_up feudal |
| 14:07 | Fs.Carniça · first_building Archery Range |
| 14:09 | LicKawamas97 · wall_segment Palisade Wall x1 |
| 14:10 | LicKawamas97 · wall_segment Palisade Wall x1 |
| 14:10 | LicKawamas97 · wall_segment Palisade Wall x1 |
| 14:21 | LoboFerretero · first_building Barracks |
| 14:34 | LicKawamas97 · wall_segment Palisade Wall x1 |
| 14:35 | LicKawamas97 · wall_segment Palisade Wall x1 |
| 15:05 | LicKawamas97 · wall_segment Palisade Wall x1 |
| 15:06 | LicKawamas97 · wall_segment Palisade Wall x1 |
| 15:07 | LicKawamas97 · wall_segment Palisade Wall x1 |
| 15:07 | Fs.7mendes · wall_segment Palisade Wall x1 |
| 15:20 | LicKawamas97 · wall_segment Palisade Wall x1 |
| 15:24 | LicKawamas97 · wall_segment Palisade Wall x6 |
| 15:24 | LicKawamas97 · wall_segment Palisade Wall x1 |
| 15:25 | LicKawamas97 · wall_segment Palisade Wall x1 |
| 15:33 | LoboFerretero · first_building Archery Range |
| 15:36 | Fs.7mendes · wall_segment Palisade Wall x1 |
| 15:51 | Oni.Nego · wall_segment Palisade Wall x1 |
| 15:58 | LicKawamas97 · wall_segment Palisade Wall x1 |
| 15:59 | LicKawamas97 · wall_segment Palisade Wall x1 |
| 16:00 | ELEG | Gabo · wall_segment Palisade Wall x1 |
| 16:01 | LicKawamas97 · wall_segment Palisade Wall x1 |
| 16:02 | LicKawamas97 · wall_segment Palisade Wall x1 |
| 16:03 | LicKawamas97 · wall_segment Palisade Wall x1 |
| 16:28 | LicKawamas97 · wall_segment Palisade Wall x1 |
| 16:29 | Fs.7mendes · wall_segment Palisade Wall x1 |
| 16:37 | ELEG | Gabo · wall_segment Palisade Wall x1 |
| 16:37 | Fs.Careca^Smurf · age_up castle |
| 16:54 | LoboFerretero · age_up castle |
| 16:55 | Fs.7mendes · age_up castle |
| 16:56 | ELEG | Gabo · age_up castle |
| 17:01 | ELEG | Gabo · first_building Castle |
| 17:17 | LicKawamas97 · wall_segment Palisade Wall x1 |
| 17:18 | LicKawamas97 · wall_segment Palisade Wall x1 |
| 17:25 | LicKawamas97 · wall_segment Palisade Wall x1 |
| 17:25 | LicKawamas97 · wall_segment Palisade Wall x1 |
| 17:44 | Fs.7mendes · first_building Castle |
| 17:52 | Fs.7mendes · first_building Barracks |
| 18:06 | Fs.7mendes · first_market_buy 100 stone |
| 18:26 | LicKawamas97 · wall_segment Palisade Wall x1 |
| 18:28 | LicKawamas97 · wall_segment Palisade Wall x1 |
| 18:28 | LicKawamas97 · wall_segment Palisade Wall x1 |
| 18:30 | LicKawamas97 · wall_segment Palisade Wall x1 |
| 18:32 | LicKawamas97 · wall_segment Palisade Wall x1 |
| 18:33 | LicKawamas97 · wall_segment Palisade Wall x1 |
| 18:33 | LicKawamas97 · wall_segment Palisade Wall x1 |
| 18:41 | ELEG | IronLeg · age_up castle |
| 18:56 | Fs.Careca^Smurf · first_building Barracks |
| 19:08 | ELEG | Gabo · first_market_buy 100 food |
| 19:14 | ELEG | IronLeg · first_market_sell 100 wood |
| 19:27 | LicKawamas97 · first_market_sell 500 wood |
| 19:35 | Oni.Nego · first_market_sell 100 food |
| 20:07 | Fs.Carniça · first_market_sell 100 wood |
| 20:07 | ELEG | IronLeg · first_market_buy 100 stone |
| 20:08 | Fs.Carniça · first_market_buy 100 food |
| 20:27 | LicKawamas97 · wall_segment Palisade Wall x1 |
| 20:35 | LoboFerretero · first_building Stable |
| 20:56 | ELEG | IronLeg · first_building Castle |
| 21:12 | Fs.Careca^Smurf · first_building Stable |
| 21:58 | LicKawamas97 · first_market_buy 100 wood |
| 22:28 | Oni.Nego · age_up castle |
| 22:37 | ELEG | Gabo · first_building Barracks |
| 23:11 | ELEG | Gabo · first_building Siege Workshop |
| 23:14 | Fs.Carniça · age_up castle |
| 23:16 | Fs.Carniça · first_building Castle |
| 23:22 | Fs.Careca^Smurf · first_building Monastery |
| 23:22 | Oni.Nego · first_market_buy 100 stone |
| 23:51 | Oni.Nego · first_building Castle |
| 23:58 | LicKawamas97 · first_building Monastery |
| 25:14 | LicKawamas97 · wall_segment Palisade Wall x1 |
| 25:15 | LicKawamas97 · wall_segment Palisade Wall x1 |
| 26:23 | Fs.Careca^Smurf · first_building Castle |
| 27:03 | Fs.7mendes · first_building Siege Workshop |
| 27:09 | LicKawamas97 · first_building Castle |
| 28:50 | LicKawamas97 · wall_segment Palisade Wall x1 |
| 28:53 | LicKawamas97 · wall_segment Palisade Wall x1 |
| 29:30 | ELEG | Gabo · first_building Archery Range |
| 33:44 | LicKawamas97 · first_building Barracks |
| 34:16 | ELEG | Gabo · first_market_sell 100 food |
| 34:27 | LicKawamas97 · first_building Stable |
| 35:21 | LoboFerretero · first_building Castle |
| 36:06 | LoboFerretero · first_building Siege Workshop |
| 36:20 | Fs.Carniça · wall_segment Stone Wall x1 |
| 36:21 | Fs.Carniça · wall_segment Stone Wall x1 |
| 36:22 | Fs.Carniça · wall_segment Stone Wall x1 |
| 36:23 | Fs.Carniça · wall_segment Stone Wall x1 |
| 38:15 | Fs.7mendes · wall_segment Palisade Wall x1 |
| 38:20 | Fs.7mendes · wall_segment Palisade Wall x1 |
| 38:25 | Fs.7mendes · wall_segment Palisade Wall x1 |
| 38:29 | Fs.7mendes · wall_segment Palisade Wall x1 |
| 38:33 | Fs.7mendes · wall_segment Palisade Wall x2 |
| 39:59 | ELEG | Gabo · age_up imperial |
| 40:40 | Fs.7mendes · wall_segment Palisade Wall x1 |
| 40:55 | Fs.7mendes · wall_segment Palisade Wall x1 |
| 40:57 | Fs.7mendes · wall_segment Palisade Wall x1 |
| 41:17 | Fs.Carniça · age_up imperial |
| 42:20 | Fs.Careca^Smurf · age_up imperial |
| 42:54 | LoboFerretero · resign |
[ ANÁLISIS IA · 1 CRÉDITO ]
¿Qué pasó realmente en esta partida?
Wolo.gg analiza cada decisión: build order, eco, micro, errores típicos por bracket. Análisis personalizado por WhatsApp o Discord en 30 segundos.
Guía civ
Vietnamitas
Perfil
ELEG | Gabo